CAROLINA Hurricanes vs WINNIPEG Jets

Created - 25 février 2024 at 14:45

Goals
1 2 3 T
CAROLINA Hurricanes 2 1 0 3
WINNIPEG Jets 3 2 1 6
Shots
1 2 3 T
CAROLINA Hurricanes 8 14 8 30
WINNIPEG Jets 12 7 8 27

1st period

1. CAROLINA Hurricanes , Kris Letang 3 (Brady Tkachuk 5, Devon Toews 15) at 1:01
2. WINNIPEG Jets , Logan Couture 5 (Troy Terry 5, Brian Dumoulin 9) at 6:17
3. WINNIPEG Jets , Alexander Kerfoot 5 (Clayton Keller 9, Nick Suzuki 9) at 6:39
4. WINNIPEG Jets , Tim Stutzle 4 (Mathew Barzal 3, Brian Dumoulin 10) at 8:33
5. CAROLINA Hurricanes , Brady Tkachuk 5 (Travis Konecny 8, Niko Mikkola 5) at 14:17

Penalties :
Miro Heiskanen (WPG) for Cross-checking (Minor) at 4:00, William Nylander (CAR) for Boarding (Minor) at 16:59

2nd period

6. CAROLINA Hurricanes , David Perron 5 (Blake Lizotte 3, Rasmus Ristolainen 11) at 2:25
7. WINNIPEG Jets , Travis Sanheim 4 (Alexander Kerfoot 6, Miro Heiskanen 10) at 2:57
8. WINNIPEG Jets , Kaapo Kakko 1 (Radek Faksa 2, Trevor van Riemsdyk 9) at 5:27

Penalties :
William Nylander (CAR) for High sticking (Minor) at 3:08, Brandon Montour (CAR) for Tripping (Minor) at 6:39, Travis Sanheim (WPG) for Tripping (Minor) at 10:08, Alexander Kerfoot (WPG) for Cross-checking (Minor) at 13:18, Miro Heiskanen (WPG) for Cross-checking (Minor) at 15:45, Brandon Hagel (WPG) for Hooking (Minor) at 18:42, Evgeny Svechnikov (CAR) for Holding (Minor) at 18:42

3rd period

9. WINNIPEG Jets , Travis Sanheim 5 (Evan Bouchard 11, Nick Suzuki 10) at 8:25 (PP)

Penalties :
Miro Heiskanen (WPG) for Interference (Minor) at 1:34, Niko Mikkola (CAR) for Interference (Minor) at 7:02, Adam Fox (CAR) for Close Hand On Puck (Minor) at 12:09, Rasmus Dahlin (WPG) for Tripping (Minor) at 16:13, Rasmus Dahlin (WPG) for Interference (Minor) at 18:16, Noah Cates (CAR) for High sticking (Minor) at 18:16, Brandon Montour (CAR) for Slashing (Minor) at 18:49

Goalie Stats

Alexandar Georgiev (CAR), 11 saves from 16 shots - (0,688), L, 16-6-2, 25:27 minutes
Alex Lyon (CAR), 10 saves from 11 shots - (0,909), 34:33 minutes
Jeremy Swayman (WPG), 27 saves from 30 shots - (0,900), W, 9-10-4, 60:00 minutes

Players Stats for CAROLINA Hurricanes

Player Name              G  A  P  +/- PIM S  H  SB GA TA FO     MP     PP MP  PK MP  
------------------------------------------------------------------------------------
Adam Fox                 0  0  0  -2  2   4  2  1  0  0  0/0    25:26   5:16   3:01 
Blake Lizotte            0  1  1   0  0   0  1  0  0  0  4/10    8:59   0:00   0:00 
Brady Tkachuk            1  1  2   0  0   3  1  1  0  0  0/0    17:35   6:31   0:00 
Brandon Montour          0  0  0  -2  4   2  3  1  0  0  0/0    22:56   5:16   0:32 
David Perron             1  0  1   0  0   2  0  0  0  0  0/1     8:59   0:00   0:00 
Derek Ryan               0  0  0  -2  0   2  1  0  0  0  4/10    8:27   0:00   2:54 
Devon Toews              0  1  1   0  0   1  0  1  0  0  0/0    23:16   6:38   5:31 
Elias Pettersson         0  0  0   0  0   4  0  1  0  0  2/9    21:21   5:04   6:21 
Evgeny Svechnikov        0  0  0  -2  2   1  2  0  0  0  0/0     5:32   0:00   0:00 
Filip Forsberg           0  0  0   0  0   0  1  0  0  0  0/0    14:47   5:04   0:17 
Kris Letang              1  0  1   0  0   1  0  0  0  0  0/0    22:43   6:38   4:58 
Mika Zibanejad           0  0  0   0  0   3  0  1  0  0  18/37  25:07   6:50   6:43 
Nazem Kadri              0  0  0   0  0   1  2  0  0  0  10/13  12:02   0:19   0:39 
Niko Mikkola             0  1  1   0  2   0  0  0  0  0  0/0     9:19   0:00   0:00 
Noah Cates               0  0  0  -2  2   0  0  0  0  0  1/3     8:26   0:00   2:54 
Rasmus Ristolainen       0  1  1   0  0   0  2  1  0  0  0/0    16:16   0:00   6:56 
Travis Konecny           0  1  1   0  0   2  0  0  0  0  1/2    16:08   5:04   0:00 
William Nylander         0  0  0   0  4   4  0  0  0  0  1/1    18:22   6:50   0:00 

Players Stats for WINNIPEG Jets

Player Name              G  A  P  +/- PIM S  H  SB GA TA FO     MP     PP MP  PK MP  
------------------------------------------------------------------------------------
Alexander Kerfoot        1  1  2   0  2   1  2  0  0  0  0/1    17:24   0:00   5:59 
Brandon Hagel            0  0  0   1  2   1  1  0  0  0  0/2    16:59   4:45   0:36 
Brian Dumoulin           0  2  2   4  0   0  2  1  0  0  0/0    20:25   0:00   6:56 
Clayton Keller           0  1  1   0  0   0  1  0  0  0  0/0    16:00   4:34   0:00 
Evan Bouchard            0  1  1   0  0   1  1  0  0  0  0/0    17:25   4:45   0:00 
Ilya Mikheyev            0  0  0   1  0   2  0  0  0  0  0/0    11:25   0:00   4:02 
Jaden Schwartz           0  0  0   0  0   0  0  0  0  0  0/0     6:20   0:00   0:00 
Kaapo Kakko              1  0  1   0  0   2  0  0  0  0  0/1     6:20   0:00   0:00 
Logan Couture            1  0  1   1  0   2  1  0  0  0  10/21  14:30   4:34   0:00 
Mathew Barzal            0  1  1   1  0   0  1  1  0  0  12/15  15:50   4:45   0:00 
Miro Heiskanen           0  1  1  -2  6   1  0  1  0  0  0/0    18:21   4:34   0:00 
Nick Suzuki              0  2  2   0  0   1  1  0  0  0  17/34  23:28   4:45   7:17 
Radek Faksa              0  1  1   0  0   1  0  0  0  0  6/10   10:22   0:00   4:02 
Rasmus Dahlin            0  0  0   0  4   6  3  1  0  0  0/0    19:48   4:34   5:03 
Tim Stutzle              1  0  1   1  0   4  1  0  0  0  0/0    11:57   4:34   0:00 
Travis Sanheim           2  0  2  -2  2   5  4  0  0  0  0/0    24:44   4:45   4:55 
Trevor van Riemsdyk      0  1  1   4  0   0  2  0  0  0  0/0    19:11   0:00   6:54 
Troy Terry               0  1  1   1  0   0  0  1  0  0  0/2    13:47   0:00   1:52 

3 Stars

1 - Brian Dumoulin (WPG)
2 - Trevor van Riemsdyk (WPG)
3 - Travis Sanheim (WPG)

Power Play

CAROLINA Hurricanes - 0 on 6 Attempt(s) - 0,00%
WINNIPEG Jets - 1 on 6 Attempt(s) - 16,67%

Penalty Kill

CAROLINA Hurricanes - 5 on 6 Attempt(s) - 83,33% - Score 0 goal in Penalty Kill
WINNIPEG Jets - 6 on 6 Attempt(s) - 100,00% - Score 0 goal in Penalty Kill

Team Stat

CAROLINA Hurricanes - Hits : 15 - Faceoff Wins : 41 - Blocked Shots : 7 - Penalty Minutes : 16
WINNIPEG Jets - Hits : 20 - Faceoff Wins : 45 - Blocked Shots : 5 - Penalty Minutes : 16

Official

Referees : Graham Skilliter and Beaudry Halkidis
Linesman : Ryan Gibbons and Justin Johnson

Game Notes

Alex Lyon enters game at 5:27 of 2nd period

Finance

Level 1 -- Attendance: 4683 (78,05%) -- Ticket Income $468,300
Level 2 -- Attendance: 4367 (87,34%) -- Ticket Income $262,020
Level 3 -- Attendance: 1996 (99,80%) -- Ticket Income $69,860
Level 4 -- Attendance: 4000 (100,00%) -- Ticket Income $80,000
Luxury Box -- Attendance: 810 (81,00%) -- Ticket Income $162,000
Game was played at the MTS Centre.
Total Attendance: 15856 (88,09%)
Total Ticket Income: $1,042,180
Other Income: $260,545
Total Income: $1,302,725

CAROLINA Hurricanes

5 vs 5 Forward 
   Center                   Left Wing                Right Wing               Time % Phy DF OF 
 1 Mika Zibanejad           Elias Pettersson         William Nylander         40     1   2  2  
 2 Nazem Kadri              Brady Tkachuk            Travis Konecny           30     1   2  2  
 3 Blake Lizotte            Filip Forsberg           David Perron             20     1   2  2  
 4 Derek Ryan               Noah Cates               Evgeny Svechnikov        10     1   2  2  

5 vs 5 Defense 
   Defense                  Defense                                           Time % Phy DF OF 
 1 Adam Fox                 Brandon Montour                                   40     1   2  2  
 2 Kris Letang              Devon Toews                                       30     1   2  2  
 3 Rasmus Ristolainen       Niko Mikkola                                      20     1   2  2  
 4 Adam Fox                 Brandon Montour                                   10     1   2  2  

PowerPlay Forward 
   Center                   Left Wing                Right Wing               Time % Phy DF OF 
 1 Mika Zibanejad           Brady Tkachuk            William Nylander         60     1   2  2  
 2 Elias Pettersson         Filip Forsberg           Travis Konecny           40     1   2  2  

PowerPlay Defense
   Defense                  Defense                                           Time % Phy DF OF 
 1 Adam Fox                 Brandon Montour                                   60     1   2  2  
 2 Kris Letang              Devon Toews                                       40     1   2  2  

Penalty Kill 4 Players Forward 
   Center                   Wing                     Time % Phy DF OF 
 1 Mika Zibanejad           Elias Pettersson         60     1   2  2  
 2 Noah Cates               Derek Ryan               40     1   2  2  

Penalty Kill 4 Players Defense
   Defense                  Defense                  Time % Phy DF OF 
 1 Adam Fox                 Devon Toews              60     1   2  2  
 2 Kris Letang              Rasmus Ristolainen       40     1   2  2  

Penalty Kill - 3 Players Forward 
   Forward                                           Time % Phy DF OF 
 1 Mika Zibanejad                                    60     1   2  2  
 2 Elias Pettersson                                  40     1   2  2  

Penalty Kill - 3 Players Defense
   Defense                  Defense                  Time % Phy DF OF 
 1 Adam Fox                 Devon Toews              60     1   2  2  
 2 Kris Letang              Rasmus Ristolainen       40     1   2  2  

4 vs 4 Forward 
   Center                   Wing                     Time % Phy DF OF 
 1 Mika Zibanejad           William Nylander         60     1   2  2  
 2 Elias Pettersson         Filip Forsberg           40     1   2  2  

4 vs 4 Defense
   Defense                  Defense                  Time % Phy DF OF 
 1 Adam Fox                 Brandon Montour          60     1   2  2  
 2 Kris Letang              Devon Toews              40     1   2  2  

Last Minutes Offensive
   Center                   Left Wing                Right Wing               Defense                  Defense                  
   Mika Zibanejad           Brady Tkachuk            William Nylander         Adam Fox                 Brandon Montour          

Last Minutes Defensive
   Center                   Left Wing                Right Wing               Defense                  Defense                  
   Mika Zibanejad           Brady Tkachuk            William Nylander         Adam Fox                 Brandon Montour          

Goaltenders
Starting : Alexandar Georgiev       
Backup : Alex Lyon                

Extra Forwards
Normal : Nazem Kadri, David Perron, Travis Konecny - PP : Nazem Kadri, David Perron - PK : Nazem Kadri
Extra Defensemen
Normal : Devon Toews, Rasmus Ristolainen, Niko Mikkola - PP : Devon Toews - PK : Devon Toews, Rasmus Ristolainen
Penalty Shots
Mika Zibanejad, Elias Pettersson, William Nylander, Brady Tkachuk, Nazem Kadri

Scratches
None

WINNIPEG Jets

5 vs 5 Forward 
   Center                   Left Wing                Right Wing               Time % Phy DF OF 
 1 Nick Suzuki              Alexander Kerfoot        Clayton Keller           40     1   2  2  
 2 Logan Couture            Brandon Hagel            Troy Terry               30     1   2  2  
 3 Mathew Barzal            Tim Stutzle              Ilya Mikheyev            20     1   2  2  
 4 Radek Faksa              Jaden Schwartz           Kaapo Kakko              10     1   2  2  

5 vs 5 Defense 
   Defense                  Defense                                           Time % Phy DF OF 
 1 Miro Heiskanen           Travis Sanheim                                    40     1   2  2  
 2 Evan Bouchard            Rasmus Dahlin                                     30     1   2  2  
 3 Trevor van Riemsdyk      Brian Dumoulin                                    20     1   2  2  
 4 Trevor van Riemsdyk      Brian Dumoulin                                    10     1   2  2  

PowerPlay Forward 
   Center                   Left Wing                Right Wing               Time % Phy DF OF 
 1 Logan Couture            Tim Stutzle              Clayton Keller           60     1   2  2  
 2 Nick Suzuki              Brandon Hagel            Mathew Barzal            40     1   2  2  

PowerPlay Defense
   Defense                  Defense                                           Time % Phy DF OF 
 1 Rasmus Dahlin            Miro Heiskanen                                    60     1   2  2  
 2 Evan Bouchard            Travis Sanheim                                    40     1   2  2  

Penalty Kill 4 Players Forward 
   Center                   Wing                     Time % Phy DF OF 
 1 Nick Suzuki              Alexander Kerfoot        60     1   2  2  
 2 Radek Faksa              Ilya Mikheyev            40     1   2  2  

Penalty Kill 4 Players Defense
   Defense                  Defense                  Time % Phy DF OF 
 1 Brian Dumoulin           Trevor van Riemsdyk      60     1   2  2  
 2 Travis Sanheim           Rasmus Dahlin            40     1   2  2  

Penalty Kill - 3 Players Forward 
   Forward                                           Time % Phy DF OF 
 1 Logan Couture                                     60     1   2  2  
 2 Nick Suzuki                                       40     1   2  2  

Penalty Kill - 3 Players Defense
   Defense                  Defense                  Time % Phy DF OF 
 1 Rasmus Dahlin            Miro Heiskanen           60     1   2  2  
 2 Evan Bouchard            Brian Dumoulin           40     1   2  2  

4 vs 4 Forward 
   Center                   Wing                     Time % Phy DF OF 
 1 Mathew Barzal            Brandon Hagel            60     1   2  2  
 2 Radek Faksa              Jaden Schwartz           40     1   2  2  

4 vs 4 Defense
   Defense                  Defense                  Time % Phy DF OF 
 1 Trevor van Riemsdyk      Travis Sanheim           60     1   2  2  
 2 Evan Bouchard            Brian Dumoulin           40     1   2  2  

Last Minutes Offensive
   Center                   Left Wing                Right Wing               Defense                  Defense                  
   Logan Couture            Clayton Keller           Mathew Barzal            Rasmus Dahlin            Miro Heiskanen           

Last Minutes Defensive
   Center                   Left Wing                Right Wing               Defense                  Defense                  
   Logan Couture            Clayton Keller           Alexander Kerfoot        Brian Dumoulin           Trevor van Riemsdyk      

Goaltenders
Starting : Jeremy Swayman           
Backup : Pavel Francouz           

Extra Forwards
Normal : Troy Terry, Nick Suzuki, Alexander Kerfoot - PP : Troy Terry, Nick Suzuki - PK : Troy Terry
Extra Defensemen
Normal : Brian Dumoulin, Trevor van Riemsdyk, Travis Sanheim - PP : Brian Dumoulin - PK : Brian Dumoulin, Trevor van Riemsdyk
Penalty Shots
Logan Couture, Clayton Keller, Brandon Hagel, Tim Stutzle, Troy Terry

Scratches
None


% Time on Ice - CAROLINA Hurricanes

Lines # - Real PCT - Wanted PCT - Time Play
Normal Forward
1 - 27% - 40% - 9:29
2 - 32% - 30% - 11:04
3 - 26% - 20% - 8:59
4 - 16% - 10% - 5:33
Normal Defense
1 - 42% - 40% - 14:50
2 - 29% - 30% - 10:17
3 - 27% - 20% - 9:20
4 - 2% - 10% - 0:38
PP Forward
1 - 57% - 60% - 6:50
2 - 43% - 40% - 5:04
PP Defense
1 - 44% - 60% - 5:16
2 - 56% - 40% - 6:38
PK Forward
1 - 69% - 60% - 6:25
2 - 31% - 40% - 2:54
PK Defense
1 - 59% - 60% - 5:32
2 - 41% - 40% - 3:47
PK3 Forward
1 - 81% - 60% - 0:57
2 - 19% - 40% - 0:13
PK3 Defense
1 - 50% - 60% - 0:35
2 - 50% - 40% - 0:35
44 Forward
1 - 82% - 60% - 2:05
2 - 18% - 40% - 0:27
44 Defense
1 - 67% - 60% - 1:42
2 - 33% - 40% - 0:50
Last Minute Offensive  - 0:00
Last Minute Defensive  - 0:00
Total
Forward - 60:00
Defense - 60:00

% Time on Ice - WINNIPEG Jets

Lines # - Real PCT - Wanted PCT - Time Play
Normal Forward
1 - 33% - 40% - 11:26
2 - 28% - 30% - 9:56
3 - 21% - 20% - 7:23
4 - 18% - 10% - 6:20
Normal Defense
1 - 39% - 40% - 13:50
2 - 29% - 30% - 10:13
3 - 24% - 20% - 8:29
4 - 7% - 10% - 2:33
PP Forward
1 - 49% - 60% - 4:34
2 - 51% - 40% - 4:45
PP Defense
1 - 49% - 60% - 4:34
2 - 51% - 40% - 4:45
PK Forward
1 - 66% - 60% - 7:52
2 - 34% - 40% - 4:02
PK Defense
1 - 49% - 60% - 5:52
2 - 51% - 40% - 6:02
PK3 Forward
1 - 0% - 60%
2 - 0% - 40%
PK3 Defense
1 - 0% - 60%
2 - 0% - 40%
44 Forward
1 - 100% - 60% - 3:42
2 - 0% - 40% - 0:00
44 Defense
1 - 34% - 60% - 1:15
2 - 66% - 40% - 2:27
Last Minute Offensive  - 0:00
Last Minute Defensive  - 0:00
Total
Forward - 60:00
Defense - 60:00

Play-by-Play

1st period


0:01 of 1st period - Mika Zibanejad wins face-off versus Nick Suzuki in neutral zone.
0:51 of 1st period - Icing by Miro Heiskanen.
0:52 of 1st period - Nazem Kadri wins face-off versus Nick Suzuki in WINNIPEG Jets zone.
0:59 of 1st period - Shot by Brady Tkachuk.
0:59 of 1st period - Shot Misses the Net.
1:01 of 1st period - Shot by Kris Letang.
1:01 of 1st period - Goal by Kris Letang - CAROLINA Hurricanes : 1 - WINNIPEG Jets : 0.
1:02 of 1st period - Blake Lizotte wins face-off versus Logan Couture in neutral zone.
1:04 of 1st period - David Perron is hit by Rasmus Dahlin and loses puck.
1:10 of 1st period - Icing by Rasmus Dahlin.
1:11 of 1st period - Nazem Kadri wins face-off versus Logan Couture in WINNIPEG Jets zone.
1:21 of 1st period - Shot by Brady Tkachuk.
1:21 of 1st period - Shot Misses the Net.
1:23 of 1st period - Shot by Travis Konecny.
1:23 of 1st period - Stopped by Jeremy Swayman with a rebound.
1:28 of 1st period - Icing by Troy Terry.
1:29 of 1st period - Logan Couture wins face-off versus Derek Ryan in WINNIPEG Jets zone.
1:48 of 1st period - Shot by Brandon Hagel.
1:48 of 1st period - Stopped by Alexandar Georgiev without a rebound.
1:49 of 1st period - Mathew Barzal wins face-off versus Blake Lizotte in CAROLINA Hurricanes zone.
2:12 of 1st period - Tim Stutzle is hit by Rasmus Ristolainen and loses puck.
2:18 of 1st period - Mathew Barzal is hit by Rasmus Ristolainen and loses puck.
2:28 of 1st period - Icing by Niko Mikkola.
2:29 of 1st period - Radek Faksa wins face-off versus Blake Lizotte in CAROLINA Hurricanes zone.
2:41 of 1st period - Niko Mikkola is hit by Rasmus Dahlin.
4:00 of 1st period - Shot by William Nylander.
4:00 of 1st period - Stopped by Jeremy Swayman without a rebound.
4:00 of 1st period - Minor Penalty to Miro Heiskanen for Cross-checking.
4:01 of 1st period - Nick Suzuki wins face-off versus Mika Zibanejad in WINNIPEG Jets zone.
4:56 of 1st period - Shot by Elias Pettersson.
4:56 of 1st period - Stopped by Jeremy Swayman without a rebound.
4:57 of 1st period - Nick Suzuki wins face-off versus Elias Pettersson in WINNIPEG Jets zone.
6:17 of 1st period - Shot by Logan Couture.
6:17 of 1st period - Goal by Logan Couture - CAROLINA Hurricanes : 1 - WINNIPEG Jets : 1.
6:18 of 1st period - Nazem Kadri wins face-off versus Nick Suzuki in neutral zone.
6:20 of 1st period - Off-side.
6:21 of 1st period - Derek Ryan wins face-off versus Troy Terry in neutral zone.
6:24 of 1st period - Trevor van Riemsdyk is hit by Evgeny Svechnikov and loses puck.
6:31 of 1st period - Shot by Derek Ryan.
6:31 of 1st period - Stopped by Jeremy Swayman without a rebound.
6:32 of 1st period - Nick Suzuki wins face-off versus Nazem Kadri in WINNIPEG Jets zone.
6:37 of 1st period - Shot by Clayton Keller.
6:37 of 1st period - Shot Misses the Net.
6:39 of 1st period - Shot by Alexander Kerfoot.
6:39 of 1st period - Goal by Alexander Kerfoot - CAROLINA Hurricanes : 1 - WINNIPEG Jets : 2.
6:40 of 1st period - Nazem Kadri wins face-off versus Nick Suzuki in neutral zone.
7:49 of 1st period - Shot by William Nylander.
7:49 of 1st period - Shot Blocked by Troy Terry.
7:58 of 1st period - William Nylander is hit by Evan Bouchard and loses puck.
8:01 of 1st period - Shot by Elias Pettersson.
8:01 of 1st period - Stopped by Jeremy Swayman without a rebound.
8:02 of 1st period - Blake Lizotte wins face-off versus Mathew Barzal in WINNIPEG Jets zone.
8:29 of 1st period - Shot by Mathew Barzal.
8:29 of 1st period - Shot Misses the Net.
8:31 of 1st period - Shot by Mathew Barzal.
8:31 of 1st period - Shot Misses the Net.
8:33 of 1st period - Shot by Tim Stutzle.
8:33 of 1st period - Goal by Tim Stutzle - CAROLINA Hurricanes : 1 - WINNIPEG Jets : 3.
8:34 of 1st period - William Nylander wins face-off versus Brandon Hagel in neutral zone.
8:38 of 1st period - Adam Fox is hit by Rasmus Dahlin and loses puck.
10:13 of 1st period - Shot by Brady Tkachuk.
10:13 of 1st period - Stopped by Jeremy Swayman without a rebound.
10:14 of 1st period - Derek Ryan wins face-off versus Mathew Barzal in WINNIPEG Jets zone.
10:21 of 1st period - Brian Dumoulin is hit by Evgeny Svechnikov and loses puck.
10:39 of 1st period - Icing by Brian Dumoulin.
10:40 of 1st period - Mathew Barzal wins face-off versus Blake Lizotte in WINNIPEG Jets zone.
13:44 of 1st period - Icing by William Nylander.
13:45 of 1st period - Mathew Barzal wins face-off versus Mika Zibanejad in CAROLINA Hurricanes zone.
13:52 of 1st period - Shot by Tim Stutzle.
13:52 of 1st period - Stopped by Alexandar Georgiev without a rebound.
13:53 of 1st period - Nazem Kadri wins face-off versus Radek Faksa in CAROLINA Hurricanes zone.
14:17 of 1st period - Shot by Brady Tkachuk.
14:17 of 1st period - Goal by Brady Tkachuk - CAROLINA Hurricanes : 2 - WINNIPEG Jets : 3.
14:18 of 1st period - Nick Suzuki wins face-off versus Derek Ryan in neutral zone.
15:44 of 1st period - Icing by Rasmus Dahlin.
15:45 of 1st period - Mika Zibanejad wins face-off versus Logan Couture in WINNIPEG Jets zone.
16:27 of 1st period - Ilya Mikheyev is hit by Brandon Montour and loses puck.
16:52 of 1st period - Shot by Tim Stutzle.
16:52 of 1st period - Stopped by Alexandar Georgiev with a rebound.
16:54 of 1st period - Shot by Tim Stutzle.
16:54 of 1st period - Shot Blocked by Brandon Montour.
16:59 of 1st period - Minor Penalty to William Nylander for Boarding.
17:00 of 1st period - Logan Couture wins face-off versus Noah Cates in CAROLINA Hurricanes zone.
17:25 of 1st period - Shot by Logan Couture.
17:25 of 1st period - Stopped by Alexandar Georgiev with a rebound.
17:27 of 1st period - Shot by Rasmus Dahlin.
17:27 of 1st period - Stopped by Alexandar Georgiev without a rebound.
17:28 of 1st period - Nick Suzuki wins face-off versus Mika Zibanejad in CAROLINA Hurricanes zone.
17:35 of 1st period - Shot by Travis Sanheim.
17:35 of 1st period - Shot Misses the Net.
17:45 of 1st period - Shot by Evan Bouchard.
17:45 of 1st period - Shot Blocked by Adam Fox.
17:47 of 1st period - Shot by Travis Sanheim.
17:47 of 1st period - Stopped by Alexandar Georgiev with a rebound.
17:49 of 1st period - Shot by Travis Sanheim.
17:49 of 1st period - Stopped by Alexandar Georgiev without a rebound.
17:50 of 1st period - Noah Cates wins face-off versus Logan Couture in CAROLINA Hurricanes zone.
18:12 of 1st period - Shot by Rasmus Dahlin.
18:12 of 1st period - Stopped by Alexandar Georgiev without a rebound.
18:13 of 1st period - Nick Suzuki wins face-off versus Elias Pettersson in CAROLINA Hurricanes zone.
18:50 of 1st period - Shot by Nick Suzuki.
18:50 of 1st period - Stopped by Alexandar Georgiev without a rebound.
18:51 of 1st period - Logan Couture wins face-off versus Elias Pettersson in CAROLINA Hurricanes zone.
19:38 of 1st period - Shot by Brian Dumoulin.
19:38 of 1st period - Shot Blocked by Brady Tkachuk.
19:51 of 1st period - Off-side.
19:52 of 1st period - Nick Suzuki wins face-off versus Mika Zibanejad in neutral zone.
19:58 of 1st period - Icing by Brandon Montour.
19:59 of 1st period - Mika Zibanejad wins face-off versus Nick Suzuki in CAROLINA Hurricanes zone.
Goals for this period are 2 for CAROLINA Hurricanes vs 3 for WINNIPEG Jets.
Shots for this period are 8 for CAROLINA Hurricanes vs 12 for WINNIPEG Jets.

2nd period


0:01 of 2nd period - Nick Suzuki wins face-off versus Mika Zibanejad in neutral zone.
0:04 of 2nd period - Elias Pettersson is hit by Clayton Keller.
0:26 of 2nd period - Shot by Alexander Kerfoot.
0:26 of 2nd period - Deflect By Clayton Keller.
0:26 of 2nd period - Shot Misses the Net.
0:36 of 2nd period - Mika Zibanejad is hit by Alexander Kerfoot and loses puck.
1:06 of 2nd period - Icing by Adam Fox.
1:07 of 2nd period - Mathew Barzal wins face-off versus Mika Zibanejad in CAROLINA Hurricanes zone.
1:08 of 2nd period - Shot by Tim Stutzle.
1:08 of 2nd period - Deflect By Ilya Mikheyev.
1:08 of 2nd period - Stopped by Alexandar Georgiev without a rebound.
1:09 of 2nd period - Logan Couture wins face-off versus Nazem Kadri in CAROLINA Hurricanes zone.
1:44 of 2nd period - Kris Letang is hit by Logan Couture.
2:25 of 2nd period - Shot by David Perron.
2:25 of 2nd period - Goal by David Perron - CAROLINA Hurricanes : 3 - WINNIPEG Jets : 3.
2:26 of 2nd period - Nick Suzuki wins face-off versus Derek Ryan in neutral zone.
2:57 of 2nd period - Shot by Travis Sanheim.
2:57 of 2nd period - Goal by Travis Sanheim - CAROLINA Hurricanes : 3 - WINNIPEG Jets : 4.
2:58 of 2nd period - Mika Zibanejad wins face-off versus Mathew Barzal in neutral zone.
3:05 of 2nd period - Shot by William Nylander.
3:05 of 2nd period - Stopped by Jeremy Swayman without a rebound.
3:06 of 2nd period - Mathew Barzal wins face-off versus Elias Pettersson in WINNIPEG Jets zone.
3:08 of 2nd period - Minor Penalty to William Nylander for High sticking.
3:09 of 2nd period - Mika Zibanejad wins face-off versus Logan Couture in CAROLINA Hurricanes zone.
4:31 of 2nd period - Shot by Nick Suzuki.
4:31 of 2nd period - Shot Misses the Net.
4:33 of 2nd period - Shot by Evan Bouchard.
4:33 of 2nd period - Stopped by Alexandar Georgiev with a rebound.
4:59 of 2nd period - Shot by Rasmus Dahlin.
4:59 of 2nd period - Shot Blocked by Rasmus Ristolainen.
5:25 of 2nd period - Shot by Radek Faksa.
5:25 of 2nd period - Deflect By Kaapo Kakko.
5:25 of 2nd period - Shot Misses the Net.
5:27 of 2nd period - Shot by Kaapo Kakko.
5:27 of 2nd period - Goal by Kaapo Kakko - CAROLINA Hurricanes : 3 - WINNIPEG Jets : 5.
5:27 of 2nd period - Alex Lyon enters game.
5:28 of 2nd period - Radek Faksa wins face-off versus Blake Lizotte in neutral zone.
5:38 of 2nd period - Radek Faksa is hit by Brandon Montour and loses puck.
5:46 of 2nd period - Kaapo Kakko is hit by Adam Fox and loses puck.
5:54 of 2nd period - Kaapo Kakko is hit by Adam Fox and loses puck.
6:39 of 2nd period - Minor Penalty to Brandon Montour for Tripping.
6:40 of 2nd period - Logan Couture wins face-off versus Mika Zibanejad in CAROLINA Hurricanes zone.
7:44 of 2nd period - Shot by Evan Bouchard.
7:44 of 2nd period - Shot Misses the Net.
8:04 of 2nd period - Shot by Nick Suzuki.
8:04 of 2nd period - Shot Misses the Net.
8:06 of 2nd period - Shot by Travis Sanheim.
8:06 of 2nd period - Shot Misses the Net.
8:23 of 2nd period - Icing by Travis Sanheim.
8:24 of 2nd period - Nick Suzuki wins face-off versus Noah Cates in WINNIPEG Jets zone.
8:56 of 2nd period - Icing by Brian Dumoulin.
8:57 of 2nd period - Radek Faksa wins face-off versus Derek Ryan in WINNIPEG Jets zone.
9:26 of 2nd period - Shot by Noah Cates.
9:26 of 2nd period - Shot Blocked by Brian Dumoulin.
9:28 of 2nd period - Shot by Derek Ryan.
9:28 of 2nd period - Stopped by Jeremy Swayman without a rebound.
9:29 of 2nd period - Nazem Kadri wins face-off versus Logan Couture in WINNIPEG Jets zone.
9:43 of 2nd period - Shot by Brady Tkachuk.
9:43 of 2nd period - Shot Misses the Net.
9:45 of 2nd period - Shot by Nazem Kadri.
9:45 of 2nd period - Shot Misses the Net.
9:58 of 2nd period - Nazem Kadri is hit by Travis Sanheim and loses puck.
10:02 of 2nd period - Travis Konecny is hit by Travis Sanheim and loses puck.
10:08 of 2nd period - Minor Penalty to Travis Sanheim for Tripping.
10:09 of 2nd period - Mika Zibanejad wins face-off versus Nick Suzuki in WINNIPEG Jets zone.
10:09 of 2nd period - Mika Zibanejad is hit by Brian Dumoulin.
10:31 of 2nd period - Shot by Mika Zibanejad.
10:31 of 2nd period - Stopped by Jeremy Swayman without a rebound.
10:32 of 2nd period - Nick Suzuki wins face-off versus Elias Pettersson in WINNIPEG Jets zone.
10:53 of 2nd period - Shot by Brandon Montour.
10:53 of 2nd period - Shot Misses the Net.
10:57 of 2nd period - Shot by Brandon Montour.
10:57 of 2nd period - Shot Misses the Net.
10:59 of 2nd period - Shot by Elias Pettersson.
10:59 of 2nd period - Stopped by Jeremy Swayman without a rebound.
11:00 of 2nd period - Nick Suzuki wins face-off versus Mika Zibanejad in WINNIPEG Jets zone.
12:23 of 2nd period - Shot by Evgeny Svechnikov.
12:23 of 2nd period - Stopped by Jeremy Swayman without a rebound.
12:24 of 2nd period - Mathew Barzal wins face-off versus Blake Lizotte in WINNIPEG Jets zone.
12:51 of 2nd period - Off-side.
12:52 of 2nd period - Logan Couture wins face-off versus Derek Ryan in neutral zone.
13:11 of 2nd period - Shot by Brandon Hagel.
13:11 of 2nd period - Shot Misses the Net.
13:13 of 2nd period - Shot by Rasmus Dahlin.
13:13 of 2nd period - Stopped by Alex Lyon without a rebound.
13:14 of 2nd period - Mika Zibanejad wins face-off versus Nick Suzuki in CAROLINA Hurricanes zone.
13:18 of 2nd period - Minor Penalty to Alexander Kerfoot for Cross-checking.
13:19 of 2nd period - Mika Zibanejad wins face-off versus Nick Suzuki in WINNIPEG Jets zone.
13:24 of 2nd period - Shot by Brady Tkachuk.
13:24 of 2nd period - Stopped by Jeremy Swayman without a rebound.
13:25 of 2nd period - Nick Suzuki wins face-off versus Mika Zibanejad in WINNIPEG Jets zone.
13:40 of 2nd period - Shot by Mika Zibanejad.
13:40 of 2nd period - Stopped by Jeremy Swayman without a rebound.
13:41 of 2nd period - Nick Suzuki wins face-off versus Elias Pettersson in WINNIPEG Jets zone.
13:41 of 2nd period - Nick Suzuki is hit by Filip Forsberg.
14:23 of 2nd period - Shot by Travis Konecny.
14:23 of 2nd period - Stopped by Jeremy Swayman with a rebound.
14:25 of 2nd period - Shot by Elias Pettersson.
14:25 of 2nd period - Shot Misses the Net.
14:27 of 2nd period - Shot by Devon Toews.
14:27 of 2nd period - Shot Misses the Net.
14:37 of 2nd period - Shot by Brandon Montour.
14:37 of 2nd period - Stopped by Jeremy Swayman with a rebound.
14:39 of 2nd period - Shot by Brandon Montour.
14:39 of 2nd period - Stopped by Jeremy Swayman without a rebound.
14:40 of 2nd period - Mika Zibanejad wins face-off versus Troy Terry in WINNIPEG Jets zone.
14:41 of 2nd period - Shot by Adam Fox.
14:41 of 2nd period - Stopped by Jeremy Swayman without a rebound.
14:42 of 2nd period - Mika Zibanejad wins face-off versus Nick Suzuki in WINNIPEG Jets zone.
14:45 of 2nd period - Shot by Mika Zibanejad.
14:45 of 2nd period - Deflect By William Nylander.
14:45 of 2nd period - Stopped by Jeremy Swayman without a rebound.
14:46 of 2nd period - Mika Zibanejad wins face-off versus Nick Suzuki in WINNIPEG Jets zone.
15:05 of 2nd period - Shot by Mika Zibanejad.
15:05 of 2nd period - Shot Misses the Net.
15:22 of 2nd period - Miro Heiskanen is hit by Blake Lizotte and loses puck.
15:38 of 2nd period - Filip Forsberg is hit by Travis Sanheim and loses puck.
15:45 of 2nd period - Shot by Devon Toews.
15:45 of 2nd period - Stopped by Jeremy Swayman without a rebound.
15:45 of 2nd period - Minor Penalty to Miro Heiskanen for Cross-checking.
15:46 of 2nd period - Elias Pettersson wins face-off versus Nick Suzuki in WINNIPEG Jets zone.
16:36 of 2nd period - Icing by Devon Toews.
16:37 of 2nd period - Mika Zibanejad wins face-off versus Radek Faksa in CAROLINA Hurricanes zone.
17:52 of 2nd period - Shot by Derek Ryan.
17:52 of 2nd period - Shot Blocked by Rasmus Dahlin.
18:01 of 2nd period - Shot by Tim Stutzle.
18:01 of 2nd period - Stopped by Alex Lyon without a rebound.
18:02 of 2nd period - Radek Faksa wins face-off versus Blake Lizotte in CAROLINA Hurricanes zone.
18:35 of 2nd period - Shot by Radek Faksa.
18:35 of 2nd period - Stopped by Alex Lyon without a rebound.
18:36 of 2nd period - Derek Ryan wins face-off versus Logan Couture in CAROLINA Hurricanes zone.
18:36 of 2nd period - Rasmus Ristolainen is hit by Brandon Hagel and loses puck.
18:42 of 2nd period - Minor Penalty to Brandon Hagel for Hooking.
18:42 of 2nd period - Minor Penalty to Evgeny Svechnikov for Holding.
18:43 of 2nd period - Mathew Barzal wins face-off versus Mika Zibanejad in neutral zone.
Goals for this period are 1 for CAROLINA Hurricanes vs 2 for WINNIPEG Jets.
Shots for this period are 14 for CAROLINA Hurricanes vs 7 for WINNIPEG Jets.

3rd period


0:01 of 3rd period - Mathew Barzal wins face-off versus Mika Zibanejad in neutral zone.
1:21 of 3rd period - Icing by Kris Letang.
1:22 of 3rd period - Nazem Kadri wins face-off versus Kaapo Kakko in CAROLINA Hurricanes zone.
1:34 of 3rd period - Minor Penalty to Miro Heiskanen for Interference.
1:35 of 3rd period - Nick Suzuki wins face-off versus Mika Zibanejad in WINNIPEG Jets zone.
2:12 of 3rd period - Shot by Adam Fox.
2:12 of 3rd period - Stopped by Jeremy Swayman with a rebound.
2:33 of 3rd period - Elias Pettersson is hit by Travis Sanheim and loses puck.
2:42 of 3rd period - Shot by Devon Toews.
2:42 of 3rd period - Shot Misses the Net.
3:13 of 3rd period - Trevor van Riemsdyk is hit by Nazem Kadri and loses puck.
3:20 of 3rd period - Shot by Nazem Kadri.
3:20 of 3rd period - Deflect By William Nylander.
3:20 of 3rd period - Shot Misses the Net.
3:22 of 3rd period - Shot by William Nylander.
3:22 of 3rd period - Stopped by Jeremy Swayman without a rebound.
3:23 of 3rd period - Radek Faksa wins face-off versus Mika Zibanejad in WINNIPEG Jets zone.
3:40 of 3rd period - Shot by Ilya Mikheyev.
3:40 of 3rd period - Stopped by Alex Lyon without a rebound.
3:41 of 3rd period - Derek Ryan wins face-off versus Logan Couture in CAROLINA Hurricanes zone.
4:01 of 3rd period - Shot by Brandon Hagel.
4:01 of 3rd period - Shot Misses the Net.
4:03 of 3rd period - Shot by Brandon Hagel.
4:03 of 3rd period - Shot Misses the Net.
4:10 of 3rd period - Icing by Rasmus Ristolainen.
4:11 of 3rd period - Mathew Barzal wins face-off versus Derek Ryan in CAROLINA Hurricanes zone.
4:52 of 3rd period - Tim Stutzle is hit by Derek Ryan and loses puck.
5:06 of 3rd period - Trevor van Riemsdyk is hit by Brandon Montour and loses puck.
5:15 of 3rd period - Shot by Elias Pettersson.
5:15 of 3rd period - Shot Blocked by Mathew Barzal.
5:17 of 3rd period - Shot by Mika Zibanejad.
5:17 of 3rd period - Shot Misses the Net.
6:19 of 3rd period - Shot by Clayton Keller.
6:19 of 3rd period - Shot Misses the Net.
6:30 of 3rd period - Off-side.
6:31 of 3rd period - Blake Lizotte wins face-off versus Logan Couture in neutral zone.
6:41 of 3rd period - Icing by Brandon Hagel.
6:42 of 3rd period - Logan Couture wins face-off versus Nazem Kadri in WINNIPEG Jets zone.
6:42 of 3rd period - Brandon Hagel is hit by Brady Tkachuk and loses puck.
7:02 of 3rd period - Minor Penalty to Niko Mikkola for Interference.
7:03 of 3rd period - Mika Zibanejad wins face-off versus Logan Couture in CAROLINA Hurricanes zone.
7:03 of 3rd period - Mika Zibanejad is hit by Tim Stutzle.
7:29 of 3rd period - Shot by Tim Stutzle.
7:29 of 3rd period - Shot Misses the Net.
8:03 of 3rd period - Shot by Brandon Hagel.
8:03 of 3rd period - Shot Misses the Net.
8:25 of 3rd period - Shot by Travis Sanheim.
8:25 of 3rd period - Goal by Travis Sanheim - CAROLINA Hurricanes : 3 - WINNIPEG Jets : 6.
8:26 of 3rd period - Travis Konecny wins face-off versus Radek Faksa in neutral zone.
8:43 of 3rd period - Shot by Kaapo Kakko.
8:43 of 3rd period - Stopped by Alex Lyon without a rebound.
8:44 of 3rd period - Blake Lizotte wins face-off versus Nick Suzuki in CAROLINA Hurricanes zone.
8:44 of 3rd period - Blake Lizotte is hit by Nick Suzuki.
9:01 of 3rd period - Shot by David Perron.
9:01 of 3rd period - Stopped by Jeremy Swayman without a rebound.
9:02 of 3rd period - Logan Couture wins face-off versus Travis Konecny in WINNIPEG Jets zone.
9:11 of 3rd period - Shot by Nazem Kadri.
9:11 of 3rd period - Stopped by Jeremy Swayman without a rebound.
9:12 of 3rd period - Nazem Kadri wins face-off versus Alexander Kerfoot in WINNIPEG Jets zone.
9:29 of 3rd period - Shot by Brady Tkachuk.
9:29 of 3rd period - Shot Blocked by Miro Heiskanen.
9:35 of 3rd period - Brandon Montour is hit by Alexander Kerfoot and loses puck.
10:24 of 3rd period - Icing by Mika Zibanejad.
10:25 of 3rd period - Mathew Barzal wins face-off versus Mika Zibanejad in CAROLINA Hurricanes zone.
11:00 of 3rd period - Shot by Tim Stutzle.
11:00 of 3rd period - Shot Blocked by Elias Pettersson.
11:05 of 3rd period - Devon Toews is hit by Trevor van Riemsdyk and loses puck.
11:58 of 3rd period - Off-side.
11:59 of 3rd period - Nazem Kadri wins face-off versus Nick Suzuki in neutral zone.
12:02 of 3rd period - Clayton Keller is hit by Nazem Kadri and loses puck.
12:09 of 3rd period - Minor Penalty to Adam Fox for Close Hand On Puck.
12:10 of 3rd period - Logan Couture wins face-off versus Mika Zibanejad in CAROLINA Hurricanes zone.
12:15 of 3rd period - Shot by Rasmus Dahlin.
12:15 of 3rd period - Shot Misses the Net.
12:17 of 3rd period - Shot by Rasmus Dahlin.
12:17 of 3rd period - Stopped by Alex Lyon with a rebound.
12:19 of 3rd period - Shot by Clayton Keller.
12:19 of 3rd period - Shot Misses the Net.
12:21 of 3rd period - Shot by Rasmus Dahlin.
12:21 of 3rd period - Stopped by Alex Lyon without a rebound.
12:22 of 3rd period - Nick Suzuki wins face-off versus Mika Zibanejad in CAROLINA Hurricanes zone.
12:35 of 3rd period - Shot by Travis Sanheim.
12:35 of 3rd period - Stopped by Alex Lyon without a rebound.
12:36 of 3rd period - Logan Couture wins face-off versus Mika Zibanejad in CAROLINA Hurricanes zone.
12:43 of 3rd period - Shot by Miro Heiskanen.
12:43 of 3rd period - Stopped by Alex Lyon without a rebound.
12:44 of 3rd period - Mika Zibanejad wins face-off versus Logan Couture in CAROLINA Hurricanes zone.
12:55 of 3rd period - Shot by Rasmus Dahlin.
12:55 of 3rd period - Shot Blocked by Mika Zibanejad.
12:57 of 3rd period - Shot by Logan Couture.
12:57 of 3rd period - Shot Misses the Net.
12:59 of 3rd period - Shot by Rasmus Dahlin.
12:59 of 3rd period - Shot Blocked by Devon Toews.
13:01 of 3rd period - Shot by Rasmus Dahlin.
13:01 of 3rd period - Stopped by Alex Lyon without a rebound.
13:02 of 3rd period - Mika Zibanejad wins face-off versus Brandon Hagel in CAROLINA Hurricanes zone.
13:02 of 3rd period - Mika Zibanejad is hit by Mathew Barzal.
14:21 of 3rd period - Off-side.
14:22 of 3rd period - Radek Faksa wins face-off versus David Perron in neutral zone.
15:14 of 3rd period - Icing by Adam Fox.
15:15 of 3rd period - Nazem Kadri wins face-off versus Nick Suzuki in CAROLINA Hurricanes zone.
16:13 of 3rd period - Minor Penalty to Rasmus Dahlin for Tripping.
16:14 of 3rd period - Mika Zibanejad wins face-off versus Radek Faksa in WINNIPEG Jets zone.
16:14 of 3rd period - William Nylander is hit by Trevor van Riemsdyk and loses puck.
16:29 of 3rd period - Shot by Mika Zibanejad.
16:29 of 3rd period - Stopped by Jeremy Swayman without a rebound.
16:30 of 3rd period - Nick Suzuki wins face-off versus Elias Pettersson in WINNIPEG Jets zone.
16:42 of 3rd period - Elias Pettersson is hit by Brian Dumoulin and loses puck.
16:45 of 3rd period - Shot by Devon Toews.
16:45 of 3rd period - Shot Misses the Net.
16:47 of 3rd period - Shot by Travis Konecny.
16:47 of 3rd period - Deflect By Elias Pettersson.
16:47 of 3rd period - Stopped by Jeremy Swayman without a rebound.
16:48 of 3rd period - Mika Zibanejad wins face-off versus Nick Suzuki in WINNIPEG Jets zone.
17:09 of 3rd period - Shot by Adam Fox.
17:09 of 3rd period - Stopped by Jeremy Swayman without a rebound.
17:10 of 3rd period - Elias Pettersson wins face-off versus Nick Suzuki in WINNIPEG Jets zone.
18:05 of 3rd period - Shot by Adam Fox.
18:05 of 3rd period - Stopped by Jeremy Swayman without a rebound.
18:06 of 3rd period - Mika Zibanejad wins face-off versus Nick Suzuki in WINNIPEG Jets zone.
18:16 of 3rd period - Minor Penalty to Rasmus Dahlin for Interference.
18:16 of 3rd period - Minor Penalty to Noah Cates for High sticking.
18:17 of 3rd period - Mathew Barzal wins face-off versus Mika Zibanejad in WINNIPEG Jets zone.
18:49 of 3rd period - Minor Penalty to Brandon Montour for Slashing.
18:50 of 3rd period - Mathew Barzal wins face-off versus Mika Zibanejad in CAROLINA Hurricanes zone.
Goals for this period are 0 for CAROLINA Hurricanes vs 1 for WINNIPEG Jets.
Shots for this period are 8 for CAROLINA Hurricanes vs 8 for WINNIPEG Jets. Output by the SimonT Hockey Simulator (STHS) for Martin Benoit - Original Page W3C HTML5 Valid
Hockey Simulator - Hockey Simulation - Hockey Manager